 BcadrenCrawl: Boulder Brew version 0.06.7.3-23-g1ca577db0e (webtiles) character file.

Game seed: 1649674779033767910

1099 MackTheKnife the Summoner (level 8, -3/72 HPs) Deep Elf Summoner. Began on Nov 17, 2023. Slain by a meliai zombie ... wielding a +0 hatchet (12 damage) ... on level 4 of the Dungeon. The game lasted 00:08:31 (4991 turns).

MackTheKnife the Summoner (Deep Elf Summoner)       Turns: 4991, Time: 00:08:31

Health: -3/72      AC:  5    Str:  5    XL:     8 ^: 1228
Magic:  21/25      EV: 28    Int: 21    God:
Gold:   199        SH:  0    Dex: 17    Spells: 12/23 levels left

rFire    . . .     Slash    x   r - +6 trident {polearm}
rCold    . . .     Pierce   .   (no weapon)
rNeg     . . .     Bludgeon .   a - +0 robe
rCorr    + . .     Vision   .   i - +2 helmet
rPois    .                      (no cloak)
rElec    .                      (no gloves)
MR       +....                  (no boots)
HPRegen  0.34/turn              e - amulet of the acrobat
MPRegen  0.35/turn              f - ring of resist corrosion
Stlth    ++........             z - ring of protection from magic

@: lethally poisoned (-3 -> -3), acrobat
A: claws 1, high mp 1, soft flesh
a: no special abilities


You were on level 4 of the Dungeon.
You were not hungry.

You visited 1 branch of the dungeon, and saw 4 of its levels.

You collected 199 gold pieces.


Innate Abilities, Weirdness & Mutations

Your soft flesh is weak to deep cuts.
Heavy manmade armour will nullify this weakness. (rSlashing-)
You have sharp fingernails. (+3 Unarmed)
You have an increased reservoir of magic. (+15% MP)


   Skills:
 - Level 2.4 Dodging
 - Level 2.4 Stealth
 - Level 8.3 Spellcasting
 + Level 8.6 Summonings
 + Level 2.8 Air Magic


You had 12 spell levels left.
You knew the following spells:

 Your Spells              Type           Power        Failure   Level  Hunger
a - Summon Small Mammal   Summ           45 (200)     1%          1    0
b - Call Canine Familiar  Summ           45 (100)     1%          2    0
c - Call Chameleon Summ 45 (200) 1% 3 0-4 d - Summon Lightning Spi Summ/Air       32 (100)     21%         5    144-304

Your spell library contained the following spells:

 Spells                   Type           Power        Failure   Level  Hunger
 Summon Ice Beast Ice/Summ 26 (100) 13% 4 24-124 Silence Hex/Air 14 (200) 75% 5 144-304 Conjure Ball Lightning Air 20 (200) 98% 6 264-484 Deflect Missiles Chrm/Air 14 (200) 100% 6 264-484 Tornado Air            20 (200)     100%        9    624-1024

Inventory:

Weapons
 r - a +6 molten trident (weapon) {polearm}
   (You took it off Blork the orc on level 2 of the Dungeon)

   Shields
 q - a +0 buckler
   (You found it on level 2 of the Dungeon)
Armour
 a - a +0 robe (worn)
 i - a +2 helmet (worn)
   (You found it on level 1 of the Dungeon)
Jewellery
 e - an amulet of the acrobat (around neck)
   (You took it off a hobgoblin on level 1 of the Dungeon)
 f - a ring of resist corrosion (left claw)
   (You took it off a goblin on level 1 of the Dungeon)
 k - an uncursed ring of stealth
   (You took it off a goblin on level 1 of the Dungeon)
 y - a cursed ring of strength {(Curse: MR-)}
   (You took it off an orc warrior on level 4 of the Dungeon)
 z - a ring of protection from magic (right claw)
   (You took it off an orc wizard on level 3 of the Dungeon)
 A - an uncursed ring of positive energy
   (You took it off an orc on level 4 of the Dungeon)
Wands
 w - a wand of flame (17)
   (You took it off a big kobold on level 3 of the Dungeon)
Scrolls
 b - 3 scrolls of teleportation {@r4}
 d - a scroll of fear
 g - a scroll of holy word
 j - 3 scrolls of enchantment
 l - a scroll of attention {!r}
 p - a scroll of vulnerability {!r!r}
 v - a scroll of magic mapping {!r}
 x - a scroll of fog
Potions
 h - a potion of cure mutation
 n - a potion of magic
 o - 4 potions of curing {@q1}
 s - 2 potions of heal wounds {@q2}
 t - a potion of ambrosia
 B - a potion of amnesia
Miscellaneous
 m - an empty bottle
Comestibles
 c - 19 rations {@e2}
 u - 13 chunks of flesh {@e1}

Dungeon Overview and Level Annotations

Branches:
Dungeon (4/8)
 Temple: D:4

Altars:

#############... .....
.......... ..... ........
..... ...... ##### #...#
#...# #########...# #
[.).........##########..#
.)รท......<....โ€
.@Z::.....
###########.....:.:B.....
#.....:........
#..............
.......>..Z.....
.............?...
..................
####..............
...............


You could see a wyvern zombie, a meliai zombie, a giant cockroach and 5 friendly
chameleons.


Message History

Items here: ) [ รทรท. x2
y - a cursed ring of strength {(Curse: MR-)}
Things that are here:
a +0 glaive {polearm}; a +2 chain mail of fire resistance; an orc corpse ๐Ÿ˜Ž HP[+40]
Your hp is fully restored (72).
You butcher the orc corpse.
u - 9 chunks of flesh {@e1} (gained 1)
Things that are here:
a +0 glaive {polearm}; a +2 chain mail of fire resistance; an orc skeleton
Things that are here:
a +0 glaive {polearm}; a +2 chain mail of fire resistance; an orc skeleton
Found an escape hatch in the ceiling.
A - an uncursed ring of positive energy;
B - a potion of amnesia You see here an orc corpse.
You butcher the orc corpse.
u - 13 chunks of flesh {@e1} (gained 4)
You see here an orc skeleton. x2
You swap places.
Items here: ) = [ โ€ .
c - 19 rations {@e2} (gained 1)
Your black chameleon disappears in a puff of smoke!
An adder comes into view.
An adder is nearby!
Found an escape hatch in the floor. ๐Ÿ˜Ž MP[-3]
You lost 3 mp, and now have 22/25 mp. ๐Ÿ˜Ž MP[+1]
You swap places. ๐Ÿ˜Ž MP[-3]
You lost 3 mp, and now have 20/25 mp.
You swap places.
Your green chameleon disappears in a puff of smoke! ๐Ÿ˜Ž MP[+1]
A bullfrog comes into view.
The adder hisses angrily.
You hit the adder (1).
It resists.
You burn the adder (1). You scratch the adder (2).
It is struck brutally!
The adder closely misses you. The adder bites you (3).
You are poisoned.
The adder poisons you (6). ๐Ÿ˜• HP[-3]
You take 3 damage, and now have 69/72 hp.
You hit the adder (1).
It resists.
You burn the adder (1). You scratch the adder (1).
It is struck brutally!
You feel sick. (1)
The adder bites you but does no damage.
Your red chameleon gores the adder (17)!
It is struck brutally!
The adder dies! ๐Ÿ˜• HP[-1] MP[+1]
You take 1 damage, and now have 68/72 hp.
You see here an adder corpse.
You feel sick. (1)
The bullfrog gives a loud, deep croak!
A meliai zombie comes into view.
The bullfrog throws its tongue at you.
The bullfrog's tongue misses you. ๐Ÿ˜• MP[+1]
There are monsters nearby!
A giant cockroach comes into view.
A wyvern zombie comes into view.
You swap places.
Your black chameleon throws its tongue at the bullfrog.
The its tongue hits the bullfrog (5).
The bullfrog is drained by its foul saliva (5).
The bullfrog is drained (2).
The bullfrog is wrenched violently forward by your black chameleon's tongue!
You feel sick. (1)
The meliai zombie hits you with a +0 hatchet (15)!
You are lacerated severely!
The meliai zombie hits your brown chameleon but does no damage.
The meliai zombie hits you with a +0 hatchet (16)!
You are lacerated severely!
The meliai zombie misses your brown chameleon.
Your black chameleon gores the bullfrog (10)!
The bullfrog dies!
The meliai zombie hits you with a +0 hatchet (2).
You are lacerated severely!
* * * LOW HITPOINT WARNING * * *
The meliai zombie misses your brown chameleon.
The meliai zombie hits your purple chameleon with a +0 hatchet (1).
It resists.
The meliai zombie hits you with a +0 hatchet (15)!
You are lacerated severely!
* * * LOW HITPOINT WARNING * * *
The meliai zombie hits your purple chameleon but does no damage.
The meliai zombie hits your brown chameleon but does no damage.
You are too injured to fight recklessly! ๐Ÿ˜จ HP[-48] MP[-2]
You take 48 damage, and now have 20/72 hp.
MASSIVE DAMAGE!! (PAUSE)
You lost 2 mp, and now have 21/25 mp.
You are too injured to fight recklessly!
Unknown command.
Unknown command.
You swap places.
Your red chameleon gores the meliai zombie (8)!
The meliai zombie is engulfed in flames (7)!
The giant cockroach bites your black chameleon but does no damage.
The meliai zombie hits you with a +0 hatchet (11)!
You are lacerated severely!
* * * LOW HITPOINT WARNING * * *
The meliai zombie barely misses your black chameleon.
The meliai zombie hits your purple chameleon but does no damage.
The meliai zombie hits your red chameleon but does no damage.
The meliai zombie hits you with a +0 hatchet (12)!
You are lacerated severely!
You die...

Skill      XL: |  1  2  3  4  5  6  7 |
---------------+----------------------+-----
Spellcasting   | 4 5 6 7 8 |  8.3
Summonings     | 5 6 7 8 |  8.6
Air Magic      | 2 |  2.8
Dodging        | |  2.4
Stealth        | |  2.4

Action                   |  1- 3 |  4- 6 |  7- 9 || total
-------------------------+-------+-------+-------++-------
Melee: Unarmed           |    25 |    29 |    41 ||    95
       Whip              |     1 |    17 |       ||    18
       Trident           |       |    21 |    73 ||    94
 Cast: Summon Small Mamm |    32 |       |       ||    32
       Call Canine Famil |     7 |       |       ||     7
       Call Chameleon    |    41 |    55 |    90 ||   186
  Use: Potion            |       |     1 |       ||     1
 Stab: Sleeping          |     1 |     1 |     1 ||     3
       Confused          |       |     1 |       ||     1
  Eat: Chunk             |     4 |     6 |     8 ||    18
Armor: Robe              |    12 |    29 |    25 ||    66
Dodge: Dodged            |    15 |    28 |    37 ||    80

Levels and vault maps discovered:
D:1:      beargit_arrival_greenhouse, layout_basic
D:2:      layout_sewer, kennysheep_small_circle, uniq_blork_the_orc
D:3:      layout_rooms, first_ration, blue_anna_alchemist
          [blue_anna_fruit_fields, blue_anna_fruit_fields], grunt_decor_fettered
D:4:      layout_long_grid, minmay_temple_entry_glass, basic_altar, uniq_harold

Notes
Turn   | Place    | Note
-------+----------+-------------------------------------------
     0 | D:1      | MackTheKnife the Deep Elf Summoner began the quest for the
                  | Orb.
     0 | D:1      | Reached XP level 1. HP: 21/21 MP: 6/6
     0 | D:1      | magus.rc [v1.9.6]
    92 | D:1      | Reached XP level 2. HP: 27/28 MP: 1/8
   220 | D:1      | Learned a level 2 spell: Call Canine Familiar
   407 | D:1      | Reached skill level 4 in Spellcasting
   425 | D:1      | Reached skill level 5 in Summonings
   425 | D:1      | Reached XP level 3. HP: 36/36 MP: 5/10
   429 | D:1      | Learned a level 3 spell: Call Chameleon
  1397 | D:1      | Reached XP level 4. HP: 43/43 MP: 2/12
  1546 | D:2      | Reached skill level 5 in Spellcasting
  1636 | D:1      | Reached XP level 5. HP: 23/50 MP: 2/14
  1897 | D:2      | Reached skill level 6 in Summonings
  1918 | D:2      | Reached skill level 6 in Spellcasting
  2042 | D:2      | Reached XP level 6. HP: 57/57 MP: 11/17
  2113 | D:2      | Gained mutation: You have an increased reservoir of magic.
                  | (+15% MP) [potion of mutation]
  2113 | D:2      | Gained mutation: You have sharp fingernails. (+3 Unarmed)
                  | [potion of mutation]
  2261 | D:2      | Noticed Blork the orc
  2272 | D:2      | Killed Blork the orc
  2360 | D:2      | Reached skill level 7 in Spellcasting
  2378 | D:2      | Reached skill level 7 in Summonings
  2508 | D:2      | Learned a level 5 spell: Summon Lightning Spire
  2678 | D:2      | Reached XP level 7. HP: 64/64 MP: 14/22
  3079 | D:2      | Reached skill level 8 in Spellcasting
  3934 | D:3      | Reached skill level 8 in Summonings
  3942 | D:3      | Reached skill level 1 in Air Magic
  4269 | D:3      | Reached skill level 2 in Air Magic
  4409 | D:3      | Reached XP level 8. HP: 60/72 MP: 17/25
  4540 | D:3      | You pick up a book of the Sky and begin reading...
  4540 | D:3      | You add the spells Silence, Deflect Missiles, Conjure Ball
                  | Lightning and Tornado to your library.
  4987 | D:4      | Identified a cursed +2 robe of the Archmagi {(Curse:
                  | Fragile)}
  4991 | D:4      | HP: 9/72 [meliai zombie/+0 hatchet (11)]
  4991 | D:4      | Slain by a meliai zombie

Vanquished Creatures
  Blork the orc (D:2)
  A hound (D:3)
  2 jellies (D:2)
  A giant cockroach (D:1)
  A haearbwca (D:4)
  3 sewer rats (D:2)
  2 cinder newts (D:2)
  A worm (D:2)
  A leopard gecko (D:3)
  3 orcs (D:3)
  A quokka (D:3)
  4 kobolds (D:2)
21 creatures vanquished.

Vanquished Creatures (collateral kills)
  An orc warrior (D:4)
  A water moccasin (D:2)
  An ogre (D:3)
  A crocodile (D:2)
  4 big kobolds
  A hound (D:3)
  2 jellies (D:2)
  An orc wizard (D:3)
  2 worker ants (D:3)
  A water moccasin skeleton (D:3)
  10 giant cockroaches
  9 adders
  45 sewer rats
  12 cinder newts
  3 worms (D:2)
  A bullfrog (D:4)
  4 oozes
  A hound skeleton (D:3)
  4 leopard geckos (D:1)
  7 orcs
  An adder skeleton (D:3)
  A gnoll skeleton (D:2)
  4 goblins (D:1)
  7 hobgoblins (D:1)
  A quokka (D:3)
  2 ball pythons (D:2)
  7 bats
  A bat skeleton (D:2)
  A hobgoblin skeleton (D:2)
  8 kobolds
  A quokka skeleton (D:3)
  8 rats
  A plant (D:3)
  8 withered plants (D:2)
162 creatures vanquished.

Vanquished Creatures (others)
  2 jellies (D:2)
  3 sewer rats (D:2)
  A bullfrog (D:2)
  2 ball pythons (D:2)
  3 kobolds (D:2)
  An orc skeleton (D:2)
  A rat (D:2)
  4 giant blowflies (D:2)
  137 withered plants (D:2)
154 creatures vanquished.

Grand Total: 337 creatures vanquished

Table legend:
 A = Non-vault XP
 B = Vault XP
 C = Vault XP percentage of total XP
 D = Non-vault monster count
 E = Vault monster count
 F = Vault count percentage of total count
                 A         B        C        D         E       F
            +---------+---------+-------+---------+---------+-------
      Total |    1450 |     120 |   7.6 |     170 |       4 |   2.3
            +---------+---------+-------+---------+---------+-------
        D:1 |     116 |       0 |   0.0 |      39 |       0 |   0.0
        D:2 |     932 |      62 |   6.2 |      96 |       3 |   3.0
        D:3 |     289 |      58 |  16.7 |      27 |       1 |   3.6
        D:4 |     113 |       0 |   0.0 |       8 |       0 |   0.0
            +---------+---------+-------+---------+---------+-------

Illustrated notes

Table legend:
 A = Kills in this place as a percentage of kills in entire the game.
 B = Kills by you in this place as a percentage of kills by you in the entire game.
 C = Kills by friends in this place as a percentage of kills by friends in the entire game.
 D = Other kills in this place as a percentage of other kills in the entire game.
 E = Experience gained in this place as a percentage of experience gained in the entire game.
 F = Experience gained in this place divided by the number of levels of this place that you have seen.
                   A       B       C       D       E      F
               +-------+-------+-------+-------+-------+----------------------
         Total | 100.0 | 100.0 | 100.0 |   N/A | 100.0 | 392.5
       Dungeon | 100.0 | 100.0 | 100.0 |   N/A | 100.0 | 392.5
               +-------+-------+-------+-------+-------+----------------------

Table legend: (Time is in decaauts)
 A = Elapsed time spent in this place.
 B = Non-inter-level travel time spent in this place.
 C = Inter-level travel time spent in this place.
 D = Time resting spent in this place.
 E = Time spent auto-exploring this place.
 F = Levels seen in this place.
 G = Mean time per level.
                   A        B        C        D        E       F      G
               +--------+--------+--------+--------+--------+-----+--------+
         Total |   5233 |   5126 |    107 |    317 |   3543 |   4 | 1308.2 |
       Dungeon |   5233 |   5126 |    107 |    317 |   3543 |   4 | 1308.2 |
               +--------+--------+--------+--------+--------+-----+--------+

Top non-repeatable levels by time:
     D:2: 2517 daAuts
     D:1: 1595 daAuts
     D:3: 848 daAuts
     D:4: 271 daAuts
